[Event "Elegant 1st Division League 2024"]
[Site "Dhaka"]
[Date "2024.07.13"]
[Round "3.12"]
[White "Noshin, Anjum"]
[Black "Mohammed, Shaker Ullah"]
[Result "0-1"]
[Annotator "RC"]
[ECO "C70"]
[WhiteElo "2056"]
[BlackElo "2018"]
[PlyCount "142"]
[EventDate "2024.07.10"]
[EventType "team-tourn"]
[EventCountry "BAN"]
[SourceTitle "playchess.com"]
[Source "ChessBase"]
[SourceQuality "1"]
[TimeControl "5400+30"]

1. e4 e5 2. Nf3 Nc6 3. Bb5 a6 4. Ba4 f5 5. d3 fxe4 6. dxe4 Nf6 7. O-O d6 8. Nc3 Bg4 9. h3 Bh5 10. Qd3 Be7 11. Ng5 Qd7 12. Nd5 b5 13. Ne6 Nxd5 14. Nxg7+ Kd8 15. Qxd5 Be2 16. Bb3 Bxf1 17. Kxf1 Rb8 18. Be3 Na5 19. Qd2 Nc4 20. Bxc4 bxc4 21. b3 Rg8 22. Nf5 Qc6 23. f3 Kd7 24. Rd1 Rg6 25. Qd5 Qxd5 26. Rxd5 cxb3 27. axb3 Bg5 28. Bxg5 Rxg5 29. g4 Rb5 30. Rd2 Ke6 31. h4 Rg8 32. Ne3 c6 33. Kf2 d5 34. exd5+ cxd5 35. c4 dxc4 36. bxc4 Rc5 37. Rb2 Rgc8 38. Rb7 R8c7 39. Rb8 Rc8 40. Rb7 R5c7 41. Rb6+ Rc6 42. Rb7 R8c7 43. Rb8 Ra7 44. Re8+ Kd6 45. Nf5+ Kc5 46. Ne3 Kd4 47. Rd8+ Kc3 48. Ke2 a5 49. Rd3+ Kb4 50. Rd5 Rc5 51. Rd6 a4 52. Kd3 Rb7 53. Ra6 Kb3 54. g5 a3 55. h5 e4+ 56. fxe4 Rxg5 57. Nf5 a2 58. c5 Rxh5 59. c6 Rh3+ 60. Kd4 Rb4+ 61. Ke5 Rc3 62. Kd6 Kb2 63. e5 Ra3 64. Rxa3 Kxa3 65. Ne3 Rb8 66. c7 Rh8 67. Kd7 Kb3 68. c8=Q Rxc8 69. Kxc8 a1=Q 70. e6 Qa8+ 71. Kd7 Qa7+ 0-1

[Event "Elegant 1st Division League 2024"]
[Site "Dhaka"]
[Date "2024.07.13"]
[Round "3.13"]
[White "Md, Eftekhar Alam"]
[Black "Choudhury, Zahid"]
[Result "1-0"]
[Annotator "RC"]
[ECO "D40"]
[WhiteElo "2006"]
[BlackElo "1838"]
[PlyCount "71"]
[EventDate "2024.07.10"]
[EventType "team-tourn"]
[EventCountry "BAN"]
[SourceTitle "playchess.com"]
[Source "ChessBase"]
[SourceQuality "1"]
[TimeControl "5400+30"]

1. d4 d5 2. c4 e6 3. Nc3 Nf6 4. Nf3 Be7 5. e3 O-O 6. Bd3 dxc4 7. Bxc4 c5 8. O-O Nc6 9. b3 cxd4 10. exd4 Nb4 11. Bb2 b6 12. Ne5 Bb7 13. Ne2 Rc8 14. Ng3 Nbd5 15. Qd2 Bb4 16. Qg5 h6 17. Qh4 Be7 18. Ne4 Rc7 19. Nxf6+ Nxf6 20. Rad1 Qa8 21. f3 Ne4 22. Qe1 Nf6 23. Bd3 Rd8 24. Kh1 Bd5 25. Bc1 Bb7 26. Bb1 a5 27. Qg3 Nh5 28. Qh3 Nf6 29. Bxh6 gxh6 30. Qg3+ Kf8 31. Ng6+ fxg6 32. Qxc7 Nd5 33. Qe5 Kf7 34. Rde1 Bc8 35. Qg3 Rg8 36. Be4 1-0

[Event "Elegant 1st Division League 2024"]
[Site "Dhaka"]
[Date "2024.07.13"]
[Round "3.14"]
[White "Mirza Arifur, Rahman"]
[Black "Mahindrakar Indrajeet"]
[Result "0-1"]
[Annotator "RC"]
[ECO "B28"]
[WhiteElo "1823"]
[BlackElo "2129"]
[PlyCount "124"]
[EventDate "2024.07.10"]
[EventType "team-tourn"]
[EventCountry "BAN"]
[SourceTitle "playchess.com"]
[Source "ChessBase"]
[SourceQuality "1"]
[TimeControl "5400+30"]

1. e4 c5 2. Nf3 a6 3. c3 e6 4. d4 d5 5. e5 Nc6 6. Bd3 Bd7 7. a3 c4 8. Bc2 Na5 9. Nbd2 Bc6 10. h3 Qd7 11. a4 Ne7 12. b4 cxb3 13. Nxb3 Nxb3 14. Bxb3 Nc8 15. O-O Be7 16. Re1 Nb6 17. Nd2 a5 18. f4 g6 19. Ra2 Qc7 20. Re3 Bd7 21. Ba3 Bxa3 22. Rxa3 Bc6 23. Ra2 Qd7 24. g3 h6 25. Kh2 Rc8 26. g4 h5 27. gxh5 Rxh5 28. Nf3 Ke7 29. Ng5 Rch8 30. Rf3 Ke8 31. Qc2 Qe7 32. Ra1 Nd7 33. Rg1 Rh4 34. Rgg3 Nb6 35. Rg1 R8h5 36. Ra1 Kf8 37. Qe2 Be8 38. Qd2 Kg7 39. Rg3 Rh8 40. Bc2 Nc4 41. Qc1 R4h6 42. Bd3 Nb6 43. Qc2 Rh4 44. Nf3 R4h6 45. f5 exf5 46. Bxf5 Nc4 47. Re1 Kf8 48. Bg4 b6 49. Rg2 Kg7 50. e6 f6 51. Ree2 Qd6+ 52. Kg1 Qf4 53. Kf2 Nd6 54. Ke1 f5 55. Ne5 fxg4 56. Rxg4 Qf5 57. Qb3 Rxh3 58. Qxd5 Qb1+ 59. Kf2 Rf8+ 60. Nf7 Nxf7 61. Rxg6+ Qxg6 62. exf7 Qg3+ 0-1

[Event "Elegant 1st Division League 2024"]
[Site "Dhaka"]
[Date "2024.07.13"]
[Round "3.15"]
[White "Majumder Shrayan"]
[Black "Salim Mohammed, Salim Al Amri"]
[Result "1-0"]
[Annotator "RC"]
[ECO "A06"]
[WhiteElo "2083"]
[BlackElo "1928"]
[PlyCount "85"]
[EventDate "2024.07.10"]
[EventType "team-tourn"]
[EventCountry "BAN"]
[SourceTitle "playchess.com"]
[Source "ChessBase"]
[SourceQuality "1"]
[TimeControl "5400+30"]

1. Nf3 d5 2. c4 e6 3. e3 Nf6 4. b3 c6 5. Bb2 Nbd7 6. Qc2 h6 7. Nc3 Bb4 8. Be2 O-O 9. d3 Re8 10. a3 Bd6 11. O-O b6 12. cxd5 exd5 13. d4 Bb7 14. Bd3 Rc8 15. b4 a6 16. Ne2 c5 17. dxc5 bxc5 18. bxc5 Bxc5 19. Qd1 Qe7 20. Ng3 g6 21. Rb1 Rb8 22. Qa4 Bd6 23. Qh4 h5 24. Nf5 Qf8 25. Bxf6 Nxf6 26. Qxf6 gxf5 27. Qxf5 Qg7 28. Qxh5 d4 29. exd4 Bxf3 30. Qxf3 Rxb1 31. Rxb1 Qxd4 32. Bxa6 Qe5 33. g3 Qa5 34. Bc4 Qc7 35. Bd5 Re7 36. Kg2 Qc2 37. Rb6 Qc5 38. Rb4 Be5 39. Rc4 Qb5 40. Rc8+ Kg7 41. Qg4+ Kh6 42. Rc6+ f6 43. Be4 1-0

[Event "Elegant 1st Division League 2024"]
[Site "Dhaka"]
[Date "2024.07.13"]
[Round "3.16"]
[White "Islam, Obaidul Shahin"]
[Black "Md, Azmaeen Parvez Sayor"]
[Result "1/2-1/2"]
[Annotator "RC"]
[ECO "B34"]
[WhiteElo "1976"]
[BlackElo "1969"]
[PlyCount "92"]
[EventDate "2024.07.10"]
[EventType "team-tourn"]
[EventCountry "BAN"]
[SourceTitle "playchess.com"]
[Source "ChessBase"]
[SourceQuality "1"]
[TimeControl "5400+30"]

1. e4 c5 2. Nf3 g6 3. Nc3 Nc6 4. d4 cxd4 5. Nxd4 Bg7 6. Be3 Nf6 7. Be2 O-O 8. Qd2 d5 9. exd5 Nxd5 10. Nxd5 Nxd4 11. Bxd4 Qxd5 12. Bxg7 Qxd2+ 13. Kxd2 Kxg7 14. f4 Be6 15. c4 Rac8 16. b3 f6 17. Rhe1 Rfd8+ 18. Kc3 Bd5 19. g3 h5 20. Bd3 Rd7 21. Rad1 Bc6 22. Re3 Rcd8 23. Rde1 Kf7 24. h4 Rc7 25. Bc2 b6 26. a3 f5 27. Bd1 Rd6 28. Bf3 b5 29. Be2 Be4 30. Rd1 bxc4 31. Rxd6 exd6 32. bxc4 Rb7 33. Bf3 Bxf3 34. Rxf3 Ke6 35. Re3+ Kd7 36. Kd4 Rb1 37. Rc3 Kc6 38. Re3 Rd1+ 39. Kc3 Ra1 40. Kb4 Rb1+ 41. Kc3 Rg1 42. Kb4 Rb1+ 43. Kc3 Rc1+ 44. Kb4 Rg1 45. Re7 Rxg3 46. Rxa7 Rg4 1/2-1/2

[Event "Elegant 1st Division League 2024"]
[Site "Dhaka"]
[Date "2024.07.13"]
[Round "3.18"]
[White "Hossain, Alamgir"]
[Black "Shafiqul, Islam"]
[Result "1-0"]
[Annotator "RC"]
[ECO "B40"]
[WhiteElo "1974"]
[BlackElo "1937"]
[PlyCount "77"]
[EventDate "2024.07.10"]
[EventType "team-tourn"]
[EventCountry "BAN"]
[SourceTitle "playchess.com"]
[Source "ChessBase"]
[SourceQuality "1"]
[TimeControl "5400+30"]

1. e4 c5 2. Nc3 e6 3. Nf3 Nc6 4. Be2 Qc7 5. O-O Nf6 6. Re1 a6 7. a4 h6 8. Bc4 Be7 9. Nd5 exd5 10. exd5 Na5 11. Ba2 d6 12. Qe2 Bg4 13. d4 Bxf3 14. gxf3 b6 15. dxc5 bxc5 16. Bd2 Nb7 17. c3 Ra7 18. b4 Kd8 19. a5 Re8 20. Bc4 Bf8 21. Qd3 Rxe1+ 22. Rxe1 Nd7 23. f4 Nf6 24. Bxa6 Nxd5 25. Bb5 Nf6 26. a6 Kc8 27. axb7+ Kb8 28. Ba6 h5 29. b5 Qd7 30. f5 Qc7 31. Bf4 Qb6 32. c4 Kc7 33. Rd1 Ne8 34. Qd5 Be7 35. Qxf7 Kd8 36. Re1 Rxb7 37. Bxb7 Qxb7 38. Bg5 Nf6 39. Qxg7 1-0

[Event "Elegant 1st Division League 2024"]
[Site "Dhaka"]
[Date "2024.07.13"]
[Round "3.19"]
[White "Soumyajit Das"]
[Black "Priyanshu Barua"]
[Result "1/2-1/2"]
[Annotator "RC"]
[ECO "B38"]
[WhiteElo "1850"]
[BlackElo "1987"]
[PlyCount "53"]
[EventDate "2024.07.10"]
[EventType "team-tourn"]
[EventCountry "BAN"]
[SourceTitle "playchess.com"]
[Source "ChessBase"]
[SourceQuality "1"]
[TimeControl "5400+30"]

1. e4 c5 2. Nf3 Nc6 3. d4 cxd4 4. Nxd4 g6 5. c4 Bg7 6. Be3 Qb6 7. Nb3 Qc7 8. Qd2 Nf6 9. f3 a5 10. Nc3 O-O 11. Nb5 Qd8 12. Qf2 d6 13. Bb6 Qd7 14. Rd1 Ne5 15. Nc7 Rb8 16. c5 Qa4 17. Bb5 Qb4+ 18. Qd2 Be6 19. Bxa5 Qxd2+ 20. Nxd2 Nc6 21. Nxe6 fxe6 22. Bc7 Ra8 23. Bb6 Rab8 24. Bc7 Ra8 25. Bb6 Rab8 26. Bc7 Ra8 27. Bb6 1/2-1/2

[Event "Elegant 1st Division League 2024"]
[Site "Dhaka"]
[Date "2024.07.13"]
[Round "3.20"]
[White "Hossain, Delwar"]
[Black "Saparya Ghosh"]
[Result "0-1"]
[Annotator "RC"]
[ECO "C00"]
[WhiteElo "1959"]
[BlackElo "1833"]
[PlyCount "104"]
[EventDate "2024.07.10"]
[EventType "team-tourn"]
[EventCountry "BAN"]
[SourceTitle "playchess.com"]
[Source "ChessBase"]
[SourceQuality "1"]
[TimeControl "5400+30"]

1. c4 e6 2. e4 d5 3. cxd5 exd5 4. e5 d4 5. Nf3 Nc6 6. Bc4 Bg4 7. Qb3 Qd7 8. O-O Na5 9. Qd3 Bf5 10. Qxd4 Qxd4 11. Nxd4 Bxb1 12. Bxf7+ Kxf7 13. Rxb1 Rd8 14. Nf3 h6 15. d4 Nc6 16. Be3 Nb4 17. a3 Nd5 18. Rbc1 Nge7 19. b4 c6 20. Bd2 Nb6 21. Rfe1 Ke6 22. Be3 Ned5 23. Bd2 Be7 24. g3 Rhf8 25. Kg2 g5 26. h3 Rf7 27. Re2 Nc7 28. Be3 Nbd5 29. Nd2 Nb5 30. Nc4 Rd7 31. Na5 Nxe3+ 32. fxe3 Nxa3 33. Nxc6 bxc6 34. Rxc6+ Kd5 35. Ra6 Nc4 36. e6 Rf6 37. e4+ Kxd4 38. e5 Rg6 39. b5 Rb7 40. Ra4 Kd3 41. Re1 Rxe6 42. Rd1+ Nd2 43. Ra2 Bb4 44. Re1 Rxb5 45. Rxa7 Rexe5 46. Rd7+ Rbd5 47. Rxd5+ Rxd5 48. Re8 Ne4 49. Rh8 Ke3 50. h4 g4 51. Rxh6 Rd2+ 52. Kg1 Kf3 0-1

[Event "Elegant 1st Division League 2024"]
[Site "Dhaka"]
[Date "2024.07.13"]
[Round "3.21"]
[White "Islam, Sheik   Khairul"]
[Black "Miraj Uddin, Ahmed"]
[Result "1-0"]
[Annotator "RC"]
[ECO "B10"]
[WhiteElo "1948"]
[BlackElo "1827"]
[PlyCount "135"]
[EventDate "2024.07.10"]
[EventType "team-tourn"]
[EventCountry "BAN"]
[SourceTitle "playchess.com"]
[Source "ChessBase"]
[SourceQuality "1"]
[TimeControl "5400+30"]

1. c4 e6 2. e4 c6 3. Nf3 d5 4. cxd5 exd5 5. e5 d4 6. Bc4 b5 7. Bd3 Qd5 8. O-O Bg4 9. Re1 Nd7 10. Be4 Qc5 11. h3 Be6 12. d3 Rc8 13. Bf4 Ne7 14. Nbd2 Qb6 15. Ng5 g6 16. Nxe6 fxe6 17. Qg4 c5 18. a4 a6 19. a5 Qc7 20. Qxe6 c4 21. Qxa6 c3 22. bxc3 dxc3 23. e6 Qxf4 24. exd7+ Kxd7 25. Qxb5+ Kd8 26. Nc4 Bg7 27. Qb6+ Kd7 28. Bf3 Bf6 29. Qe6+ Kd8 30. Nd6 c2 31. Rac1 Rc7 32. Nf7+ Ke8 33. Nxh8 Bxh8 34. Qg8+ Qf8 35. Qxf8+ Kxf8 36. Re2 Ra7 37. Rexc2 Rxa5 38. Rb1 Be5 39. Be4 Kf7 40. g3 h5 41. Kg2 g5 42. Rb7 Kf6 43. Rd7 Ke6 44. Rd8 h4 45. Ra8 Rb5 46. Ra6+ Kf7 47. Re2 hxg3 48. fxg3 Bd4 49. Kf3 Bf6 50. Kg4 Rb4 51. Rf2 Ng8 52. Kh5 Rb5 53. Rf5 Rxf5 54. Bxf5 Ne7 55. Be4 Kg7 56. Ra5 Kf7 57. Rxg5 Bxg5 58. Kxg5 Kg7 59. h4 Nc8 60. h5 Nd6 61. h6+ Kg8 62. Kg6 Nb5 63. g4 Nd4 64. g5 Ne2 65. Kf6 Nf4 66. g6 Nh5+ 67. Kg5 Ng3 68. Bd5+ 1-0

[Event "Elegant 1st Division League 2024"]
[Site "Dhaka"]
[Date "2024.07.13"]
[Round "3.22"]
[White "Shatadru Shovan, Dey"]
[Black "Faisal, Hossain"]
[Result "1-0"]
[Annotator "NA RC"]
[ECO "A45"]
[WhiteElo "1879"]
[BlackElo "1872"]
[PlyCount "87"]
[EventDate "2024.07.10"]
[EventType "team-tourn"]
[EventCountry "BAN"]
[SourceTitle "playchess.com"]
[Source "ChessBase"]
[SourceQuality "1"]
[TimeControl "5400+30"]

1. d4 Nf6 2. Bf4 c5 3. e3 cxd4 4. exd4 Nd5 5. Bg3 Qb6 6. Na3 {[%emt 0:01:42] A45: Trompowsky Attack.} Nc6 7. Bc4 Nf6 8. Nb5 d6 9. Ne2 a6 10. Nbc3 g6 11. O-O Bg7 12. d5 Na5 13. Bd3 Bd7 14. Rb1 Rc8 15. Nf4 Nc4 16. Bxc4 Rxc4 17. Re1 Rc7 18. Kh1 Ng4 19. Qe2 O-O 20. f3 Ne5 21. Bf2 Qa5 22. b4 Qa3 23. Rb3 Qxb3 24. axb3 Rxc3 25. Bd4 Rc7 26. c4 Re8 27. Bb6 Rcc8 28. g4 Bh6 29. Be3 Bg7 30. h4 h6 31. Kg2 e6 32. dxe6 fxe6 33. Bd4 Nxf3 34. Kxf3 Bxd4 35. Nxg6 Bc6+ 36. Kg3 e5 37. Qd2 Kg7 38. h5 Rc7 39. Rf1 Be4 40. g5 Bxg6 41. gxh6+ Kh7 42. hxg6+ Kxg6 43. Qd3+ Kxh6 44. Rf6+ 1-0

[Event "Elegant 1st Division League 2024"]
[Site "Dhaka"]
[Date "2024.07.13"]
[Round "3.23"]
[White "Asaduzzaman, Ahad"]
[Black "S M Sharon"]
[Result "0-1"]
[Annotator "ChessBase"]
[ECO "A00"]
[WhiteElo "1855"]
[BlackElo "2047"]
[PlyCount "108"]
[EventDate "2024.07.10"]
[EventType "team-tourn"]
[EventCountry "BAN"]
[SourceTitle "playchess.com"]
[Source "ChessBase"]
[SourceQuality "1"]
[TimeControl "5400+30"]

1. Nc3 c5 2. Ne4 b6 3. g3 Bb7 4. Bg2 d5 5. Nc3 e5 6. e4 dxe4 7. Nxe4 Bc6 8. f3 f5 9. Nf2 Nf6 10. d3 Bd6 11. Bg5 Nbd7 12. Qd2 h6 13. Bxf6 Qxf6 14. O-O-O O-O 15. Ne2 a5 16. g4 Qe6 17. c4 fxg4 18. Nxg4 Bxf3 19. Bxf3 Rxf3 20. Rhg1 Kh7 21. Nc3 Raf8 22. Ne4 R8f4 23. Qg2 Bf8 24. a4 Nb8 25. h3 Nc6 26. Kb1 Nb4 27. Qe2 Kh8 28. Nc3 Bd6 29. Ne4 Nc6 30. Qg2 Bf8 31. Rgf1 Rxf1 32. Rxf1 Qd7 33. Rf3 Qf7 34. Rf2 Be7 35. Nc3 Rxf2 36. Nxf2 Nb4 37. Qa8+ Kh7 38. Qe4+ Qg6 39. Nd5 Bh4 40. Ng4 Nxd3 41. Qxg6+ Kxg6 42. Nxb6 Kf5 43. Kc2 Nf4 44. Nd7 h5 45. Ngxe5 Nxh3 46. Nf3 Be7 47. Kd3 g5 48. Ke3 g4 49. Ne1 Bg5+ 50. Ke2 Nf4+ 51. Kf1 Be7 52. Nb8 h4 53. Nc6 Bd6 54. Nxa5 h3 0-1

[Event "Elegant 1st Division League 2024"]
[Site "Dhaka"]
[Date "2024.07.13"]
[Round "3.24"]
[White "Sacchu, Afzal Hossain"]
[Black "Shejal Sahil Sanjay"]
[Result "0-1"]
[Annotator "RC"]
[ECO "A42"]
[WhiteElo "1981"]
[BlackElo "1750"]
[PlyCount "52"]
[EventDate "2024.07.10"]
[EventType "team-tourn"]
[EventCountry "BAN"]
[SourceTitle "playchess.com"]
[Source "ChessBase"]
[SourceQuality "1"]
[TimeControl "5400+30"]

1. d4 d6 2. Nf3 g6 3. c4 Bg7 4. Nc3 Nc6 5. e4 e5 6. d5 Nce7 7. Be2 f5 8. Bg5 h6 9. Bxe7 Nxe7 10. O-O O-O 11. h3 g5 12. exf5 Nxf5 13. Ne4 Nd4 14. Nxd4 exd4 15. Ng3 c5 16. dxc6 bxc6 17. Nh5 Be5 18. Bd3 g4 19. Qd2 Qg5 20. Qxg5+ hxg5 21. hxg4 Bxg4 22. Bg6 Be2 23. Rfc1 d3 24. Re1 Bd4 25. Rf1 d2 26. Bc2 Bxh5 0-1

[Event "Elegant 1st Division League 2024"]
[Site "Dhaka"]
[Date "2024.07.14"]
[Round "4.1"]
[White "Hossain, Showkat Pollab"]
[Black "Miraj Uddin, Ahmed"]
[Result "1/2-1/2"]
[Annotator "ChessBase"]
[ECO "C00"]
[WhiteElo "1990"]
[BlackElo "1827"]
[PlyCount "107"]
[EventDate "2024.07.10"]
[EventType "team-tourn"]
[EventCountry "BAN"]
[SourceTitle "playchess.com"]
[Source "ChessBase"]
[SourceQuality "1"]
[TimeControl "5400+30"]

1. e4 e6 2. d3 d5 3. Nd2 f5 4. Qe2 Ne7 5. Ngf3 g6 6. g3 Bg7 7. exf5 exf5 8. Ng5 O-O 9. Ne6 Bxe6 10. Qxe6+ Kh8 11. Bg2 Nbc6 12. Nf3 Rf6 13. Qe2 Qd7 14. O-O Re6 15. Qd1 h6 16. c3 Re8 17. h4 Kh7 18. Bf4 Ne5 19. Qd2 Nxf3+ 20. Bxf3 Ng8 21. Rfe1 c6 22. Rxe6 Qxe6 23. Qe3 Qxe3 24. Bxe3 a6 25. a4 Be5 26. a5 Bxg3 27. Ra4 Bd6 28. Kg2 Kg7 29. c4 dxc4 30. Rxc4 Nf6 31. Bd4 Be5 32. Bc5 Rd8 33. Rb4 Rd7 34. d4 Bf4 35. d5 Nxd5 36. Bxd5 Rxd5 37. Rxb7+ Kf6 38. b4 Bd6 39. Bxd6 Rxd6 40. Rb6 Rd4 41. Rxc6+ Kf7 42. h5 gxh5 43. Rxa6 Rxb4 44. Rxh6 Ra4 45. a6 Kg7 46. Rb6 Rg4+ 47. Kh3 Ra4 48. f3 h4 49. Rc6 Kf7 50. Rh6 Kg7 51. Rd6 Kf7 52. Rb6 Kg7 53. Rb7+ Kf6 54. a7 1/2-1/2

[Event "Elegant 1st Division League 2024"]
[Site "Dhaka"]
[Date "2024.07.14"]
[Round "4.2"]
[White "Shatadru Shovan, Dey"]
[Black "Ahmed, Mahtabuddin"]
[Result "0-1"]
[Annotator "ChessBase"]
[ECO "D00"]
[WhiteElo "1879"]
[BlackElo "1974"]
[PlyCount "45"]
[EventDate "2024.07.10"]
[EventType "team-tourn"]
[EventCountry "BAN"]
[SourceTitle "playchess.com"]
[Source "ChessBase"]
[SourceQuality "1"]
[TimeControl "5400+30"]

1. d4 d5 2. Bf4 Bf5 3. c4 c6 4. Nc3 Qb6 5. cxd5 Qxb2 6. Rc1 Nf6 7. f3 Nxd5 8. Nxd5 cxd5 9. e4 Bd7 10. Rc2 Qb4+ 11. Kf2 Nc6 12. exd5 Nxd4 13. Rc4 Qb2+ 14. Ne2 Nf5 15. g4 Qb6+ 16. Nd4 Nxd4 17. Rxd4 g6 18. Be3 Bg7 19. Rc4 Qd8 20. d6 O-O 21. Rc7 exd6 22. Rxb7 Rc8 23. Rb5 0-1

[Event "Elegant 1st Division League 2024"]
[Site "Dhaka"]
[Date "2024.07.14"]
[Round "4.3"]
[White "Shourya Paul"]
[Black "S M Sharon"]
[Result "1-0"]
[Annotator "ChessBase"]
[ECO "C41"]
[WhiteElo "1813"]
[BlackElo "2047"]
[PlyCount "101"]
[EventDate "2024.07.10"]
[EventType "team-tourn"]
[EventCountry "BAN"]
[SourceTitle "playchess.com"]
[Source "ChessBase"]
[SourceQuality "1"]
[TimeControl "5400+30"]

1. e4 d6 2. d4 Nd7 3. Nc3 e5 4. Nf3 c6 5. Bc4 Ngf6 6. dxe5 Nxe5 7. Nxe5 dxe5 8. Bxf7+ Ke7 9. Qxd8+ Kxd8 10. f3 Ke7 11. Bb3 Be6 12. Be3 Bxb3 13. axb3 a6 14. O-O-O Ke6 15. Rd2 b5 16. Rhd1 Be7 17. Bg5 Rad8 18. Rxd8 Rxd8 19. Rxd8 Bxd8 20. Bxf6 Bxf6 21. b4 Bg5+ 22. Kd1 Bf4 23. Ne2 Bg5 24. Nc1 Be3 25. Nd3 Kd6 26. Ke2 Bd4 27. c3 Bg1 28. g3 g5 29. h3 Bb6 30. f4 gxf4 31. gxf4 exf4 32. Kf3 Be3 33. Nxf4 Bc1 34. e5+ Ke7 35. Nd3 Bh6 36. Ke4 Bd2 37. Nc5 Bc1 38. b3 Bd2 39. Nxa6 Kd7 40. c4 Bc3 41. cxb5 cxb5 42. Kd5 h5 43. Nc5+ Ke7 44. Nd3 h4 45. e6 Bd2 46. Ne5 Be1 47. Nc6+ Kf8 48. Kc5 Kg7 49. Kxb5 Kf6 50. e7 Kf7 51. Kc5 1-0

[Event "Elegant 1st Division League 2024"]
[Site "Dhaka"]
[Date "2024.07.14"]
[Round "4.4"]
[White "Sacchu, Afzal Hossain"]
[Black "Shankhodip De"]
[Result "0-1"]
[Annotator "ChessBase"]
[ECO "E62"]
[WhiteElo "1981"]
[BlackElo "1942"]
[PlyCount "94"]
[EventDate "2024.07.10"]
[EventType "team-tourn"]
[EventCountry "BAN"]
[SourceTitle "playchess.com"]
[Source "ChessBase"]
[SourceQuality "1"]
[TimeControl "5400+30"]

1. c4 Nf6 2. Nc3 g6 3. g3 Bg7 4. Bg2 O-O 5. Nf3 d6 6. O-O c6 7. d4 Bf5 8. Nh4 Be6 9. Qd3 d5 10. b3 Na6 11. a3 c5 12. cxd5 Nxd5 13. Nxd5 Bxd5 14. e4 Bc6 15. Bb2 cxd4 16. b4 Qd7 17. Rfd1 e5 18. Bf1 Nc7 19. f4 exf4 20. gxf4 Qe7 21. Qg3 Qxe4 22. Bg2 Qe3+ 23. Qxe3 dxe3 24. Bxg7 Kxg7 25. Bxc6 bxc6 26. Rac1 Nd5 27. Ng2 Rac8 28. Kf1 a6 29. Rc5 f5 30. Rdc1 g5 31. Rxc6 Rce8 32. Ke2 Nxf4+ 33. Nxf4 gxf4 34. Rxa6 Kh8 35. Rf1 Rg8 36. Rf6 Rg2+ 37. Kf3 Rxh2 38. Rxf5 Rd8 39. Rxf4 e2 40. Rc1 Rd3+ 41. Kg4 Rg2+ 42. Kf5 Rd1 43. Rc2 Rd5+ 44. Kf6 Rg6+ 45. Kf7 Rd7+ 46. Ke8 e1=Q+ 47. Kxd7 Qd1+ 0-1

[Event "Elegant 1st Division League 2024"]
[Site "Dhaka"]
[Date "2024.07.14"]
[Round "4.5"]
[White "Hossain, Monir"]
[Black "Islam, Sheik   Khairul"]
[Result "1/2-1/2"]
[Annotator "NA"]
[ECO "D30"]
[WhiteElo "1972"]
[BlackElo "1948"]
[PlyCount "63"]
[EventDate "2024.07.10"]
[EventType "team-tourn"]
[EventCountry "BAN"]
[SourceTitle "playchess.com"]
[Source "ChessBase"]
[SourceQuality "1"]
[TimeControl "5400+30"]

1. d4 c6 2. c4 d5 3. Nf3 e6 4. Nbd2 f5 5. Qc2 Nf6 6. h3 {[%emt 0:05:10] D30: Damengambit (ohne Sc3).} Na6 7. a3 Be7 8. e3 Nc7 9. g4 Ne4 10. gxf5 exf5 11. h4 Be6 12. h5 Bf6 13. c5 Qe7 14. Bd3 O-O 15. Kf1 Rae8 16. Nb3 Bc8 17. Bd2 Ne6 18. Re1 Kh8 19. Bc1 Nd8 20. Rh2 Nf7 21. Re2 Nh6 22. Ng1 Qc7 23. Rg2 Bd8 24. Qd1 Qf7 25. Rc2 Bc7 26. Nh3 Nf6 27. Be2 Nfg4 28. Nf4 Bxf4 29. exf4 Qxh5 30. Kg1 Qh3 31. Rc3 Qh5 32. Nd2 $17 1/2-1/2

[Event "Elegant 1st Division League 2024"]
[Site "Dhaka"]
[Date "2024.07.14"]
[Round "4.6"]
[White "Faisal, Hossain"]
[Black "Hossain, Alamgir"]
[Result "1/2-1/2"]
[Annotator "NA"]
[ECO "B00"]
[WhiteElo "1872"]
[BlackElo "1974"]
[PlyCount "49"]
[EventDate "2024.07.10"]
[EventType "team-tourn"]
[EventCountry "BAN"]
[SourceTitle "playchess.com"]
[Source "ChessBase"]
[SourceQuality "1"]
[TimeControl "5400+30"]

1. e4 Nc6 2. d4 e5 3. d5 Nce7 4. g3 d6 5. c4 f5 6. Nc3 {[%emt 0:00:55] B00: Queen's Fianchetto Defence, Nimzowitsch Defence.} fxe4 7. Nxe4 Nf6 8. Bd3 Nxe4 9. Bxe4 Nf5 10. Ne2 Be7 11. Qd3 g6 12. Bd2 Ng7 13. O-O-O Bf5 14. f3 Bxe4 15. fxe4 Bg5 16. Rdf1 Qe7 17. Kb1 Rf8 ({Black should try} 17... Bxd2 $14 18. Qxd2 c5) 18. Rxf8+ Kxf8 19. Rf1+ Kg8 20. Bxg5 Qxg5 21. Qf3 Qe7 22. Nc3 a6 23. Kc2 Rf8 24. Qxf8+ Qxf8 25. Rxf8+ $16 1/2-1/2

[Event "Elegant 1st Division League 2024"]
[Site "Dhaka"]
[Date "2024.07.14"]
[Round "4.7"]
[White "Priyanshu Barua"]
[Black "Asaduzzaman, Ahad"]
[Result "1-0"]
[Annotator "NA"]
[ECO "B00"]
[WhiteElo "1987"]
[BlackElo "1855"]
[PlyCount "109"]
[EventDate "2024.07.10"]
[EventType "team-tourn"]
[EventCountry "BAN"]
[SourceTitle "playchess.com"]
[Source "ChessBase"]
[SourceQuality "1"]
[TimeControl "5400+30"]

1. e4 b6 2. Nc3 Bb7 3. d4 Nf6 4. f3 e6 5. Be3 Be7 6. Bd3 {[%emt 0:00:22] B00: Queen's Fianchetto Defence, Nimzowitsch Defence.} Nc6 7. a3 e5 8. d5 Nb8 9. f4 ({White should play} 9. Nge2 $16) 9... d6 10. Nh3 h5 11. Nf2 Nbd7 12. f5 a6 13. Qe2 Nc5 14. Bxc5 dxc5 15. a4 Bd6 16. O-O-O Qe7 17. g3 Kd7 18. h3 Kc8 19. Nb1 Kb8 20. c3 Ka7 21. Kc2 Qd7 22. b3 Rac8 23. Nd2 c6 24. dxc6 Qxc6 25. Nc4 Bc7 26. Rd2 Rcd8 27. Rhd1 Rd7 28. Ne3 Rhd8 29. g4 hxg4 30. hxg4 Ne8 (30... g6 $11 {keeps the balance.}) 31. g5 Qd6 32. Nc4 $11 Qe7 33. Rg1 Kb8 34. Ne3 Ka7 35. g6 Nf6 36. gxf7 Qxf7 37. Rgd1 Qe7 38. c4 Rd4 39. Nd5 Bxd5 40. cxd5 b5 41. axb5 a5 42. Bc4 Bb6 43. Kb2 Rh8 44. Rxd4 cxd4 45. Nd3 Rh4 46. Ra1 Kb7 47. b4 Nxe4 48. bxa5 Nd6 49. Bb3 Re4 50. Qc2 Ba7 51. b6 Re3 52. a6+ Kb8 53. Nb4 Nc4+ 54. Qxc4 Re2+ 55. Qxe2 1-0